 Dungeon Crawl Stone Soup version 0.21.1-1-g345015f (webtiles) character file.

145825 spiff the Arsonist (level 16, 0/145 HPs)
             Began as a Red Draconian Wizard on June 29, 2018.
             Was a High Priest of Zin.
             Succumbed to a wolf spider's poison
             ... on level 2 of the Spider Nest on June 30, 2018.
             The game lasted 02:32:17 (52759 turns).

spiff the Arsonist (Red Draconian Wizard)          Turns: 52759, Time: 02:32:18

Health: 0/145      AC: 17    Str: 15    XL:     16   Next: 88%
Magic:  31/32      EV: 16    Int: 24    God:    Zin [*****.]
Gold:   920        SH:  4    Dex: 10    Spells: 12/40 levels left

rFire    + + +     SeeInvis +   a - +9 dagger "Nekeab" {holy, MR+ Str+4}
rCold    . . .     Gourm    +   L - +0 buckler
rNeg     . . .     Faith    .   (armour unavailable)
rPois    .         Spirit   .   K - +1 hat
rElec    .         Reflect  .   N - scarf {rC+ rF+}
rCorr    .         Harm     .   q - +0 pair of gloves
MR       ++...                  p - +2 pair of boots
Stlth    ++........             j - amulet of the gourmand
HPRegen  0.34/turn              F - +3 ring of protection
MPRegen  0.23/turn              Y - ring of Paestrawke {Fire SInv}

@: lethally poisoned (0 -> -28), very slightly contaminated
A: breathe fire, unfitting armour, fire resistance 1, cold-blooded, AC +9
a: Breathe Fire, Recite, Vitalisation, Imprison, Sanctuary, Donate Gold,
Renounce Religion


You were on level 2 of the Spider Nest.
You worshipped Zin.
Zin was extremely pleased with you.
You were not hungry.

You visited 6 branches of the dungeon, and saw 30 of its levels.
You also visited: Labyrinth and Ice Cave.

You collected 2371 gold pieces.
You spent 1214 gold pieces at shops.
You donated 237 gold pieces to Zin.

Inventory:

Hand Weapons
 a - the +9 dagger "Nekeab" (weapon) {holy, MR+ Str+4}
   (You found it on level 7 of the Dungeon)

   It has been blessed by the Shining One to cause great damage to the undead
   and demons.
   It affects your strength (+4).
   It affects your resistance to hostile enchantments.
Missiles
 A - a throwing net (quivered)
 B - 597 arrows
Armour
 p - a +2 pair of boots (worn)
 q - a +0 pair of gloves (worn)
 K - a +1 hat (worn)
 L - a +0 buckler (worn)
 N - a scarf of resistance (worn)
Magical Staves
 b - an uncursed staff of fire
Jewellery
 g - a +2 ring of intelligence
 j - an amulet of the gourmand (around neck)
 F - a +3 ring of protection (left hand)
 T - an uncursed ring of wizardry
 Y - the ring of Paestrawke (right hand) {Fire SInv}
   (You found it in an ice cave)

   [ring of fire]

   It enhances your fire magic.
   It protects you from fire.
   It makes you vulnerable to cold.
   It lets you see invisible.
Wands
 h - a wand of iceblast (50)
 k - a wand of paralysis (15)
 y - a wand of scattershot (7)
 C - a wand of digging (26)
 E - a wand of flame (73)
 G - a wand of acid (21)
 J - a wand of enslavement (22)
 Z - a wand of disintegration (23)
Scrolls
 d - 19 scrolls of teleportation
 e - 4 scrolls of amnesia
 i - 13 scrolls of remove curse
 r - 5 scrolls of magic mapping
 w - 5 scrolls of identify
 O - 6 scrolls of fear
 P - 2 scrolls of fog
Potions
 l - 5 potions of haste
 m - a potion of magic
 n - 3 potions of agility
 o - 5 potions of curing
 s - 6 potions of might
 t - 5 potions of heal wounds
 x - 3 potions of ambrosia
 z - 3 potions of invisibility
 D - 2 potions of resistance
 M - 2 potions of flight
 Q - 4 potions of brilliance
 S - 2 potions of cancellation
Books
 v - a book of Annihilations

   Spells                             Type                      Level
   a - Poison Arrow                   Conjuration/Poison           6
   b - Chain Lightning                Conjuration/Air              8
   c - Lehudib's Crystal Spear        Conjuration/Earth            8
   d - Glaciate                       Conjuration/Ice              9
   e - Fire Storm                     Conjuration/Fire             9
Miscellaneous
 f - 2 phantom mirrors
Comestibles
 c - 51 rations


   Skills:
 + Level 13.7 Fighting
 - Level 10.0 Short Blades
 - Level 10.0 Dodging
 - Level 1.7 Stealth
 - Level 4.0 Shields
 + Level 12.8 Spellcasting
 + Level 13.8 Conjurations
   Level 1.0 Summonings
 - Level 1.0 Translocations
 - Level 3.2 Transmutations
 + Level 14.9 Fire Magic
 - Level 6.2 Invocations


You had 12 spell levels left.
You knew the following spells:

 Your Spells              Type           Power        Failure   Level  Hunger
a - Magic Dart            Conj           ####         0%          1    None
b - Blink                 Tloc           N/A          4%          2    None
c - Sticks to Snakes      Tmut           ####....     1%          2    None
d - Throw Flame           Conj/Fire      ######       0%          2    None
e - Sticky Flame          Conj/Fire      #######.     1%          4    None
f - Fireball              Conj/Fire      #######...   1%          5    ###....
g - Conjure Flame         Conj/Fire      #######.     1%          3    None
h - Fire Storm            Conj/Fire      #######...   100%        9    #######


Dungeon Overview and Level Annotations

Branches:
Dungeon (15/15)            Temple (1/1) D:7            Lair (6/6) D:8
  Swamp (4/4) Lair:2       Spider (2/4) Lair:2        Slime (0/5) Lair:6
    Orc (2/2) D:12            Elf (0/3) Orc:2        Vaults (0/5) D:14
 Depths (0/5) D:15

Altars:
Ashenzari
Cheibriados
Dithmenos
Fedhas
Gozag
Hepliaklqana
Kikubaaqudgha
Makhleb
Nemelex Xobeh
Okawaru
Qazlal
Ru
Sif Muna
Trog
Uskayaw
Vehumet
Wu Jian
Xom
Yredelemnul
Zin
The Shining One
Jiyva

Shops:
Orc:2 :%%*

Annotations:
D:4 exclusion: two-headed ogre
D:5 tidbits's ghost, amateur GnSk
Lair:6 1 runed door, exclusion: door
Swamp:3 exclusion: downstairs
Swamp:4 louise !!!, Louise
Spider:2 Aizul; Frances
Orc:1 Erica


Innate Abilities, Weirdness & Mutations

You can breathe blasts of fire.
Your fiery red scales are hard. (AC +9)
You cannot fit into any form of body armour.
Your flesh is heat resistant. (rF+)
You are cold-blooded and may be slowed by cold attacks.


Message History

You are more poisoned.
The wolf spider poisons you!
The orb spider weaves a glowing orb of energy.
The wolf spider hits you but does no damage.
The wolf spider closely misses you.
An orb of destruction comes into view.
You fail to use your ability.
You feel very sick. The tarantella bites you!
* * * LOW HITPOINT WARNING * * *
The jumping spider leaps!
The wolf spider hits you!
* * * LOW HITPOINT WARNING * * *
The wolf spider closely misses you. The killer bee stings you.
* * * LOW HITPOINT WARNING * * *
The tarantella bites you but does no damage.
Blink to where?
Press: ? - help, Dir - move target cursor You are very lightly contaminated with residual magic.
As you read the scroll of blinking, it crumbles to dust.
You die...

.....#.#^#.##
.....^......###
...?....#........# .
.....#...........#..
............§.......
.#..................
.
.*.....?...#.....#..
^.
.ss..s#.....^.#.§...
y.
.......s#[@..#...#..
.#..
.......§s.....^..^..
). s
#......ys.....#...#.
s...
...s..y..........#..
....
........./..........
..#.
.§.#..............^
...§ ..
....$.......#.. ....
. ..#........#....
.... .#...^.......


You could see an emperor scorpion, 2 wolf spiders and 2 killer bees.

Vanquished Creatures
  A thorn hunter (Swamp:3)
  An orc warlord (Orc:1)
  A very ugly thing (Swamp:1)
  A stone giant (Orc:1)
  The ghost of Bareth the Severer, a journeyman MiBe of Trog (Spider:1)
  A minotaur (Lab)
  Snorg (D:11)
  An ogre mage (D:15)
  An ice dragon (D:14)
  7 hydras
  A ghost crab (Swamp:1)
  A catoblepas (Lair:5)
  4 centaur warriors
  An anaconda (Lair:6)
  12 two-headed ogres
  11 alligators
  4 death yaks (Lair:4)
  A death knight (D:14)
  Urug (D:11)
  2 orc high priests
  Nergalle (D:11)
  A shock serpent (shapeshifter) (D:11)
  5 shambling mangroves
  2 swamp dragons
  A deep troll (shapeshifter) (D:14)
  2 wizards
  A deep elf archer (Orc:1)
  2 unseen horrors
  A phantasmal warrior (D:15)
  3 necromancers
  A spriggan druid (Swamp:3)
  8 wolf spiders
  4 orc knights
  12 ugly things
  5 orb spiders
  An oklob plant (Lair:2)
  6 orc sorcerers
  The ghost of tidbits the Grave Robber, a novice GnNe of Cheibriados (D:9)
  3 cyclopes
  4 deep elf magi
  A manticore (D:15)
  8 elephants
  A centaur zombie (D:14)
  Maurice (Orc:1)
  Psyche (D:8)
  A torpor snail (Lair:6)
  An ice statue (IceCv)
  5 black mambas
  2 gargoyles
  3 kobold demonologists (D:13)
  14 spiny frogs
  7 komodo dragons
  3 rime drakes
  12 freezing wraiths
  A komodo dragon (shapeshifter) (D:15)
  An efreet (D:15)
  3 demonic crawlers (Spider:1)
  2 guardian mummies (D:15)
  2 meliai
  A spriggan skeleton (D:15)
  10 jumping spiders
  7 trolls
  9 tyrant leeches
  3 polar bears
  A meliai (shapeshifter) (D:13)
  5 large abominations (D:13)
  A deep troll zombie (D:15)
  17 hornets
  6 hippogriffs
  15 slime creatures
  2 dream sheep (D:9)
  6 bog bodies
  20 blink frogs
  A fire dragon zombie (D:15)
  28 redbacks
  7 small abominations (D:13)
  49 yaks
  3 shadows
  2 spriggans
  8 tarantellas
  3 wyverns
  5 wraiths
  Eustachio (D:6)
  A deep troll skeleton (D:15)
  6 basilisks
  A hungry ghost (D:10)
  25 vampire mosquitoes
  15 swamp worms
  Menkaure (D:4)
  5 wargs
  7 insubstantial wisps
  2 soldier ants (D:15)
  12 water moccasins
  A floating eye (shapeshifter) (D:14)
  6 porcupines
  5 swamp drakes
  A sky beast (D:12)
  31 orc warriors
  11 ice beasts
  2 phantoms
  3 black bears
  A necrophage (D:11)
  An alligator simulacrum (IceCv)
  10 wolves
  13 centaurs
  15 ogres
  12 crocodiles
  A wyvern zombie (D:12)
  5 big kobolds
  24 bullfrogs
  A wyvern skeleton (D:11)
  7 scorpions
  A swamp dragon simulacrum (IceCv)
  12 killer bees
  5 wights (D:7)
  4 electric eels
  3 howler monkeys (D:9)
  4 crimson imps
  2 bullfrog zombies
  A quasit (D:9)
  5 centaur skeletons
  4 draconian simulacra (IceCv)
  12 hounds
  A gnoll shaman (Orc:1)
  23 orc priests
  5 bullfrog skeletons
  42 orc wizards
  2 iguanas
  Terence (D:2)
  Ijyb (D:3)
  5 worker ants
  3 spriggan simulacra (IceCv)
  A polar bear simulacrum (IceCv)
  6 troll simulacra (IceCv)
  A wolf simulacrum (IceCv)
  2 centaur simulacra (IceCv)
  A hound zombie (D:7)
  2 howler monkey skeletons
  2 worker ant zombies
  10 adders
  5 gnolls (Orc:1)
  A naga simulacrum (IceCv)
  4 ogre simulacra (IceCv)
  4 shadow imps
  12 white imps (IceCv)
  An ooze (D:1)
  An adder zombie (D:6)
  An adder skeleton (D:4)
  5 dart slugs (D:1)
  2 worms
  8 leopard geckos
  99 orcs
  6 bats
  7 giant cockroaches
  8 goblins
  9 hobgoblins
  9 jackals
  5 quokkas
  2 ball pythons
  8 frilled lizards
  2 jackal skeletons
  A jackal zombie (D:7)
  14 kobolds
  A quokka skeleton (D:4)
  9 rats
  A briar patch (Swamp:3)
  4 bushes (Lair:2)
  A fungus (Lair:6)
  2 plants (Lair:6)
1015 creatures vanquished.

Vanquished Creatures (others)
  A meliai (Spider:2)
  A redback (Spider:2)
  A warg (Orc:1)
  3 briar patches (Swamp:3)
  9 fungi
  24 plants
  A withered plant (D:15)
40 creatures vanquished.

Grand Total: 1055 creatures vanquished

Notes
Turn   | Place    | Note
-------+----------+-------------------------------------------
     0 | D:1      | spiff the Draconian Wizard began the quest for the Orb.
     0 | D:1      | Reached XP level 1. HP: 14/14 MP: 4/4
   177 | D:1      | Reached skill level 1 in Fighting
   177 | D:1      | Reached XP level 2. HP: 23/23 MP: 0/6
   261 | D:1      | Learned a level 2 spell: Blink
  1034 | D:1      | Reached XP level 3. HP: 27/28 MP: 7/7
  1356 | D:2      | Found a shattered altar of Ashenzari.
  1378 | D:2      | Reached XP level 4. HP: 36/36 MP: 9/9
  1643 | D:2      | Noticed Terence
  1656 | D:2      | Killed Terence
  2074 | D:2      | Reached XP level 5. HP: 43/44 MP: 10/10
  2213 | D:2      | Found a faded altar of an unknown god.
  2319 | D:3      | Found an opulent altar of Gozag.
  2348 | D:3      | Found a hide-covered altar of Uskayaw.
  2417 | D:3      | Learned a level 2 spell: Sticks to Snakes
  2995 | D:4      | Found a stormy altar of Qazlal.
  3051 | D:4      | Noticed an ogre
  3064 | D:4      | Killed an ogre
  3064 | D:4      | Reached skill level 1 in Transmutations
  3064 | D:4      | Reached XP level 6. HP: 51/51 MP: 0/12
  3169 | D:4      | Noticed Menkaure
  3307 | D:4      | Noticed a two-headed ogre
  3424 | D:5      | Entered Level 5 of the Dungeon
  3941 | D:5      | Your scales start taking on a fiery red colour.
  3941 | D:5      | Reached XP level 7. HP: 50/59 MP: 12/14
  3941 | D:5      | Gained mutation: Your flesh is heat resistant. (rF+) [Red Draconian growth]
  4046 | D:5      | Noticed tidbits's ghost (amateur GnSk)
  4230 | D:4      | Noticed Ijyb
  4339 | D:3      | Killed Ijyb
  4720 | D:4      | Killed Menkaure
  4720 | D:4      | Reached skill level 5 in Spellcasting
  5147 | D:4      | Reached skill level 5 in Fighting
  5780 | D:6      | Noticed Eustachio
  5790 | D:5      | Reached skill level 5 in Conjurations
  5790 | D:5      | Reached XP level 8. HP: 37/68 MP: 8/15
  5952 | D:6      | Killed Eustachio
  6641 | D:6      | Reached skill level 5 in Dodging
  6912 | D:6      | Found a burning altar of Makhleb.
  7069 | D:6      | Found a glowing golden altar of the Shining One.
  7392 | D:7      | Reached XP level 9. HP: 60/74 MP: 17/17
  7829 | D:7      | Learned a level 2 spell: Throw Flame
  7834 | D:7      | Learned a level 4 spell: Sticky Flame
  7840 | D:7      | Learned a level 5 spell: Fireball
  7938 | D:7      | Reached skill level 1 in Fire Magic
  8091 | D:7      | Found a deep blue altar of Sif Muna.
  8256 | D:7      | Found a staircase to the Ecumenical Temple.
  8262 | D:7      | Got an ichor-stained dagger
  8264 | D:7      | Identified the +9 dagger "Nekeab" {holy, MR+ Str+4} (You found it on level 7 of the Dungeon)
  8268 | Temple   | Entered the Ecumenical Temple
  8321 | Temple   | Became a worshipper of Zin the Law-Giver
  8321 | Temple   | Reached * piety under Zin
  8885 | D:8      | Reached skill level 2 in Fire Magic
  8891 | D:8      | Noticed a two-headed ogre
  8899 | D:8      | Killed a two-headed ogre
  8899 | D:8      | Reached skill level 3 in Fire Magic
  8900 | D:8      | Noticed a troll
  8923 | D:8      | Reached skill level 4 in Fire Magic
  9005 | D:8      | Killed a troll
  9165 | D:8      | Reached XP level 10. HP: 42/81 MP: 15/20
  9341 | D:8      | Found a staircase to the Lair.
  9347 | D:8      | Noticed Psyche
  9352 | D:8      | Reached skill level 5 in Fire Magic
  9358 | D:8      | Killed Psyche
  9717 | D:8      | Found a shimmering altar of Xom.
 10041 | D:8      | Reached skill level 6 in Fire Magic
 10280 | Lair:1   | Entered Level 1 of the Lair of Beasts
 10320 | Lair:1   | Reached skill level 5 in Short Blades
 10758 | Lair:1   | Reached skill level 7 in Fire Magic
 10906 | Lair:1   | Reached skill level 8 in Fire Magic
 11342 | Lair:1   | Reached skill level 9 in Fire Magic
 11392 | Lair:1   | Reached ** piety under Zin
 11422 | Lair:1   | Reached XP level 11. HP: 86/86 MP: 10/21
 12581 | Lair:2   | Reached skill level 10 in Fire Magic
 13423 | Lair:2   | Noticed an oklob plant
 13445 | Lair:2   | Killed an oklob plant
 13760 | Lair:2   | Found a hole to the Spider Nest.
 13760 | Lair:2   | Noticed an orb spider
 13765 | Lair:2   | Killed an orb spider
 13784 | Lair:2   | Reached skill level 11 in Fire Magic
 14177 | Lair:2   | Found a staircase to the Swamp.
 14717 | Lair:3   | Found a labyrinth entrance.
 14728 | Lab      | Entered a labyrinth
 15030 | Lab      | Noticed a minotaur
 15054 | Lab      | Killed a minotaur
 15080 | Lab      | Identified the Collected Works on Conjuration and Unholy Secrets
 15433 | Lair:3   | Reached XP level 12. HP: 78/96 MP: 2/23
 15649 | Lair:1   | Learned a level 3 spell: Conjure Flame
 15824 | Lair:3   | Found a shattered altar of Ashenzari.
 16591 | Lair:4   | Noticed a death yak
 16591 | Lair:4   | Noticed a death yak
 16591 | Lair:4   | Noticed a death yak
 16591 | Lair:4   | Noticed a death yak
 16707 | Lair:4   | Reached skill level 10 in Short Blades
 17111 | Lair:4   | Killed a death yak
 17870 | Lair:4   | Killed a death yak
 17897 | Lair:4   | Killed a death yak
 17916 | Lair:4   | Killed a death yak
 18081 | Lair:4   | Reached *** piety under Zin
 18692 | Lair:5   | Noticed a catoblepas
 18912 | Lair:5   | Killed a catoblepas
 20171 | Lair:6   | Entered Level 6 of the Lair of Beasts
 20171 | Lair:6   | Noticed a seven-headed hydra
 20429 | Lair:6   | Noticed an eight-headed hydra
 20435 | Lair:5   | Killed an eight-headed hydra
 20435 | Lair:5   | Reached XP level 13. HP: 73/108 MP: 7/26
 20880 | Lair:6   | Reached **** piety under Zin
 21564 | Lair:6   | Reached skill level 10 in Conjurations
 22241 | Lair:6   | Found a runed door.
 22242 | Lair:6   | Found a viscous altar of Jiyva.
 22242 | Lair:6   | Noticed an azure jelly
 22243 | Lair:6   | Noticed an azure jelly
 22244 | Lair:6   | Found a staircase to the Slime Pits.
 22244 | Lair:6   | Noticed an azure jelly
 22244 | Lair:6   | Noticed an azure jelly
 22551 | Lair:6   | Noticed a dire elephant
 22551 | Lair:6   | Noticed a dire elephant
 22579 | Lair:6   | Noticed a dire elephant
 22703 | D:9      | Noticed tidbits's ghost (novice GnNe)
 22715 | D:9      | Killed tidbits's ghost
 23023 | D:9      | Found a radiant altar of Vehumet.
 23803 | D:10     | Entered Level 10 of the Dungeon
 23885 | D:10     | Found a shimmering altar of Xom.
 24088 | D:10     | Reached ***** piety under Zin
 24497 | D:11     | Found a sparkling altar of Nemelex Xobeh.
 24508 | D:11     | Reached skill level 10 in Spellcasting
 24514 | D:11     | Noticed Urug
 24524 | D:11     | Killed Urug
 24773 | D:11     | Reached skill level 10 in Fighting
 24773 | D:11     | Reached skill level 1 in Invocations
 24774 | D:11     | Noticed Nergalle
 24788 | D:11     | Killed Nergalle
 25811 | D:11     | Noticed Snorg
 25819 | D:11     | Killed Snorg
 26609 | D:12     | Reached XP level 14. HP: 116/121 MP: 28/28
 26635 | D:12     | Found a staircase to the Orcish Mines.
 26869 | D:12     | Found a deep blue altar of Sif Muna.
 27709 | Orc:1    | Entered Level 1 of the Orcish Mines
 28004 | Orc:1    | Noticed Maurice
 28007 | Orc:1    | Killed Maurice
 28317 | Orc:1    | Reached ****** piety under Zin
 28341 | Orc:2    | Entered Level 2 of the Orcish Mines
 28359 | Orc:2    | Reached skill level 5 in Invocations
 28785 | Orc:2    | Reached skill level 10 in Dodging
 28874 | Orc:2    | Found a staircase to the Elven Halls.
 29242 | Orc:1    | Noticed Erica
 29243 | Orc:1    | Noticed a stone giant
 29244 | Orc:1    | Found the +27 Lear's hauberk
 29466 | Orc:2    | Paralysed by an orc sorcerer for 6 turns
 29897 | Orc:2    | Paralysed by an orc sorcerer for 6 turns
 30212 | Orc:2    | Found Saiprott's Food Shop.
 30212 | Orc:2    | Found Fagac's Book Shop.
 30213 | Orc:2    | Found Jaufap's Food Boutique.
 30216 | Orc:2    | Found Afrodyel's Assorted Antiques.
 30579 | Orc:1    | Noticed an orc warlord
 30597 | Orc:1    | Killed an orc warlord
 31456 | D:13     | Reached skill level 12 in Fire Magic
 33636 | D:13     | Identified the Compendium of the Vitriolic Compass
 33708 | D:14     | Found a frozen archway.
 33727 | D:14     | Reached XP level 15. HP: 119/130 MP: 9/29
 33877 | IceCv    | Entered an ice cave
 34672 | IceCv    | Got a crude platinum ring
 34673 | IceCv    | Identified the ring of Paestrawke {Fire SInv} (You found it in an ice cave)
 34699 | IceCv    | Found an ancient bone altar of Kikubaaqudgha.
 36046 | D:14     | Found a gate to the Vaults.
 36851 | D:14     | Reached skill level 13 in Fire Magic
 37303 | D:15     | Entered Level 15 of the Dungeon
 38665 | D:15     | Found a hazy altar of Hepliaklqana.
 39090 | D:15     | Found a staircase to the Depths.
 39741 | Swamp:1  | Entered Level 1 of the Swamp
 43138 | Swamp:2  | Reached XP level 16. HP: 141/141 MP: 23/32
 44171 | Swamp:2  | Reached skill level 14 in Fire Magic
 44672 | Swamp:2  | Reached skill level 1 in Shields
 45368 | Swamp:3  | Noticed a thorn hunter
 46317 | Swamp:3  | Killed a thorn hunter
 46597 | Swamp:3  | Identified a scroll of acquirement
 47875 | Swamp:4  | Entered Level 4 of the Swamp
 47952 | Swamp:4  | Noticed Louise
 48101 | Spider:1 | Entered Level 1 of the Spider Nest
 49054 | Spider:1 | Noticed Bareth's ghost (journeyman MiBe)
 49440 | Spider:1 | Killed Bareth's ghost
 51017 | Orc:2    | Bought a book of Annihilations for 1214 gold pieces
 51027 | Orc:2    | Learned a level 9 spell: Fire Storm
 51572 | Spider:2 | Noticed Frances
 51573 | Spider:2 | Noticed Aizul
 52758 | Spider:2 | HP: 5/145 [wolf spider (13)]
 52758 | Spider:2 | HP: 2/145 [killer bee (3)]
 52759 | Spider:2 | Succumbed to a wolf spider's poison

Skill      XL: |  1  2  3  4  5  6  7  8  9 10 11 12 13 14 15 16 |
---------------+-------------------------------------------------+-----
Fighting       | 1 2 3 4 5 6 8 10 11 12 13 | 13.7
Conjurations   | 2 3 5 6 8 9 11 13 | 13.8
Spellcasting   | 4 5 7 9 10 12 | 12.8
Transmutations | 1 2 3 |  3.2
Dodging        | 5 6 7 9 10 | 10.0
Fire Magic     | 4 9 11 12 13 14 | 14.9
Short Blades   | 3 7 9 10 | 10.0
Invocations    | 3 6 |  6.2
Shields        | 4 |  4.0
Stealth        | |  1.7
Summonings     | |  1.0
Translocations | |  1.0

Action                   |  1- 3 |  4- 6 |  7- 9 | 10-12 | 13-15 | 16-18 || total
-------------------------+-------+-------+-------+-------+-------+-------++-------
Melee: Spear             |    53 |   157 |   280 |       |       |       ||   490
       Dagger            |     5 |       |    53 |   301 |  1234 |   203 ||  1796
       Unarmed           |     5 |       |       |       |       |       ||     5
       Tailslap          |     4 |     9 |    24 |    29 |   148 |    24 ||   238
       Staff             |       |       |       |       |       |    36 ||    36
 Cast: Magic Dart        |    61 |    82 |   137 |    10 |     5 |       ||   295
       Blink             |     1 |     2 |     8 |     1 |     3 |     3 ||    18
       Throw Flame       |       |       |    12 |    89 |   183 |   189 ||   473
       Sticky Flame      |       |       |     5 |   110 |   241 |    89 ||   445
       Fireball          |       |       |     1 |    28 |   141 |    66 ||   236
       Conjure Flame     |       |       |       |       |    13 |       ||    13
       Sticks to Snakes  |       |       |       |       |     3 |     5 ||     8
Invok: Recite            |       |       |       |       |    27 |     4 ||    31
       Sanctuary         |       |       |       |       |     1 |     2 ||     3
       Imprison          |       |       |       |       |     1 |     3 ||     4
 Abil: Breathe Fire      |       |       |     7 |     1 |    18 |    10 ||    36
Evoke: Wand              |       |       |       |       |     5 |       ||     5
  Use: Scroll            |       |    12 |     2 |    13 |    10 |     6 ||    43
       Potion            |       |       |       |       |     3 |     4 ||     7
 Stab: Sleeping          |     2 |     1 |     2 |     1 |     5 |       ||    11
       Held in net/web   |       |       |       |     1 |       |       ||     1
       Invisible         |       |       |       |       |     4 |       ||     4
       Distracted        |       |       |       |       |     1 |       ||     1
       Paralysed         |       |       |       |       |     4 |       ||     4
  Eat: Chunk             |     1 |     8 |    14 |    46 |    79 |    30 ||   178
       Ration            |       |       |     2 |     3 |     5 |     1 ||    11
Armor: Skin              |    17 |    41 |    91 |   105 |   317 |   138 ||   709
Dodge: Dodged            |    50 |    96 |   173 |   211 |   736 |   329 ||  1595
Block: Buckler           |       |       |       |       |       |    62 ||    62
